 Dungeon Crawl Stone Soup version 0.31.0-11-ge490571c62 (webtiles) character file.

Game seed: 10003918401122830034

53 qw the Shooter (level 3, -1/20 HPs)
             Began as a Deep Elf Hunter on Feb 4, 2024.
             Slain by a ribbon worm (2 damage)
             ... on level 2 of the Dungeon.
             The game lasted 00:00:05 (1367 turns).

qw the Shooter (Deep Elf Hunter)                    Turns: 1367, Time: 00:00:05

Health: -1/20      AC:  5    Str: 10    XL:     3   Next: 64%
Magic:  5/5        EV:  6    Int: 13    God:
Gold:   86         SH:  0    Dex: 18    Spells: 2/2 levels left

rFire   . . .        a - +0 shortbow
rCold   . . .        (shield currently unavailable)
rNeg    . . .        b - +0 ring mail
rPois   .            (no helmet)
rElec   .            (no cloak)
rCorr   .            (no gloves)
SInv    .            (no boots)
Will    .....        (no amulet)
Stlth   +            (no ring)
HPRegen 0.23/turn    (no ring)
MPRegen 0.09/turn

%: no passive effects
@: held
A: no striking features
a: no special abilities


You were on level 2 of the Dungeon.
You visited 1 branch of the dungeon, and saw 2 of its levels.

You collected 86 gold pieces.


   Skills:
 - Level 1.5 Fighting
 + Level 7.1 Ranged Weapons
 - Level 2.4 Dodging
 - Level 1.2 Stealth


You had 2 spell levels left.
You didn't know any spells.
Your spell library was empty.

Inventory:

Hand Weapons
 a - a +0 shortbow (weapon)
Armour
 b - a +0 ring mail (worn)
 d - a +0 helmet
Scrolls
 c - a scroll of identify {unknown}

Dungeon Overview and Level Annotations

Branches:
Dungeon (2/15)

Altars:
Qazlal


Message History

You shoot an arrow. The arrow hits the ribbon worm.
The ribbon worm is moderately wounded.
The ribbon worm closely misses you.
You shoot an arrow.
The arrow barely misses the ribbon worm.
The ribbon worm bites you but does no damage.
You shoot an arrow. The arrow hits the ribbon worm.
The ribbon worm is moderately wounded.
The ribbon worm barely misses you.
You shoot an arrow. The arrow hits the ribbon worm.
The ribbon worm is heavily wounded.
The ribbon worm expels a string of sticky webbing.
The stream of webbing hits you but does no damage.
You are caught in a web!
The ribbon worm bites you.
The ribbon worm expels a string of sticky webbing.
The stream of webbing hits you but does no damage.
You are even more entangled.
The ribbon worm bites you but does no damage.
The ribbon worm expels a string of sticky webbing.
The stream of webbing hits you but does no damage.
You are even more entangled.
The ribbon worm bites you. The ribbon worm bites you.
The ribbon worm bites you. The ribbon worm bites you.
Enter note:
Enter note:
Enter note:
Enter note:
Enter note:
Enter note: You struggle to detach yourself from the web.
The ribbon worm expels a string of sticky webbing.
The stream of webbing hits you but does no damage.
You are even more entangled.
The ribbon worm bites you. The ribbon worm bites you.
The ribbon worm bites you.
You die...

### .. #.# #####..#
#.##########.....#
#..##.......@# #####.
#..##.######w..........#.####
#.....# .................#
#....## ..................#
#.#..### #..................#
#.##...# #...............##..
#.##.#.# #.............[..#.#
#.##.#.###...................
#.......# ............#..##


You could see a ribbon worm (catching breath).

Vanquished Creatures
  2 adders (D:2)
  A ribbon worm (D:2)
  2 bats (D:2)
  6 endoplasms
  A giant cockroach (D:1)
  2 goblins
  4 hobgoblins
  4 kobolds
  2 quokkas (D:2)
  A ball python (D:1)
  A frilled lizard (D:1)
  6 rats
32 creatures vanquished.

Notes
Turn   | Place    | Note
-------+----------+-------------------------------------------
     0 | D:1      | qw the Deep Elf Hunter began the quest for the Orb.
     0 | D:1      | Reached XP level 1. HP: 12/12 MP: 3/3
     0 | D:1      | 0 ||| qw: Version: 0.3-a-160-g6735b56
     0 | D:1      | 0 ||| qw: Game counter: 4497
     0 | D:1      | 0 ||| qw: Melee chars always use a shield: true
     0 | D:1      | 0 ||| qw: God list: Okawaru
     0 | D:1      | 0 ||| qw: Allow faded altars: false
     0 | D:1      | 0 ||| qw: Do Orc after clearing Dungeon:15 true
     0 | D:1      | 0 ||| qw: Do second Lair branch before Depths: true
     0 | D:1      | 0 ||| qw: Lair rune preference: random
     0 | D:1      | 0 ||| qw: Goals: Normal
     0 | D:1      | 0 ||| PLANNING D:1-11
    76 | D:1      | You fall into a shaft and drop 1 floor!
    77 | D:2      | 77 ||| DROPPING scroll of butterflies.
    81 | D:2      | 81 ||| FLEEEEING.
    82 | D:2      | 82 ||| FLEEEEING.
    83 | D:2      | 83 ||| STAIRDANCE
   154 | D:1      | Reached XP level 2. HP: 16/16 MP: 4/4
   303 | D:1      | Found a faded altar of an unknown god.
   336 | D:1      | Reached skill level 6 in Ranged Weapons
   951 | D:1      | 951 ||| UPGRADING to +0 ring mail.
   961 | D:1      | 961 ||| DROPPING +0 leather armour.
   962 | D:1      | 962 ||| READING scroll labelled VELU WEMERCHU.
   965 | D:1      | 965 ||| READING scroll labelled RIMUGGAFEI.
  1120 | D:2      | Reached XP level 3. HP: 20/20 MP: 5/5
  1153 | D:2      | Found a stormy altar of Qazlal.
  1226 | D:2      | Reached skill level 7 in Ranged Weapons
  1360 | D:2      | HP: 5/20 [ribbon worm (4)]
  1364 | D:2      | HP: 2/20 [ribbon worm (2)]
  1367 | D:2      | Slain by a ribbon worm

Levels and vault maps discovered:
D:1:      elethiomel_arrival_quiet, layout_basic, basic_ecumenical_altar
D:2:      layout_rooms, basic_altar, minmay_unequal

Skill      XL: |  1  2  3 |
---------------+----------+-----
Ranged Weapons | 6 7 |  7.1
Fighting       | |  1.5
Dodging        | |  2.4
Stealth        | |  1.2

Action                     || total
---------------------------++-------
   Fire: Shortbow          ||   110
    Use: Scroll            ||     2
 Armour: Leather armour    ||     3
         Ring mail         ||    21
  Dodge: Dodged            ||    18

Table legend:
 A = Non-vault XP
 B = Vault XP
 C = Vault XP percentage of total XP
 D = Non-vault monster count
 E = Vault monster count
 F = Vault count percentage of total count
                 A         B        C        D         E       F
            +---------+---------+-------+---------+---------+-------
      Total |      72 |       5 |   6.5 |      30 |       2 |   6.2
            +---------+---------+-------+---------+---------+-------
        D:1 |      25 |       0 |   0.0 |      16 |       0 |   0.0
        D:2 |      47 |       5 |   9.6 |      14 |       2 |  12.5
            +---------+---------+-------+---------+---------+-------
